 Dungeon Crawl Stone Soup version 0.31-a0-1626-g5cb510d322 (webtiles) character file.

Game seed: 13605149238459952852

517573 case the Conqueror (level 23, -7/240 HPs)
             Began as a Minotaur Berserker on Jan 12, 2024.
             Was the Champion of Trog.
             Mangled by Parghit (33 damage)
             ... on level 1 of the Realm of Zot on Jan 13, 2024.
             The game lasted 01:46:17 (45928 turns).

case the Conqueror (Minotaur Berserker)            Turns: 45928, Time: 01:46:17

Health: -7/240     AC: 48    Str: 30    XL:     23   Next: 87%
Magic:  22/22      EV: 10    Int:  9    God:    Trog [******]
Gold:   5863       SH: 21    Dex: 12    Spells: 22/22 levels left

rFire   + . .        O - +8 war axe (vamp)
rCold   + . .        q - +4 kite shield {reflect}
rNeg    . . .        M - +10 crystal plate armour of Ymof {rPois}
rPois   +            G - +1 hat "Osech" {Dex+4}
rElec   +            Q - +0 cloak of the Wereyak {rElec rPois Will+ Dex-3}
rCorr   +            I - +2 pair of gloves
SInv    .            j - +2 pair of boots {Fly}
Will    ++...        t - amulet of Xount {Regen+ rCorr Int+5} Stlth
                     F - ring of protection from cold
HPRegen 1.40/turn    B - ring of protection from fire
MPRegen 0.18/turn

%: random rage (3%), reflection
@: about to teleport, on berserk cooldown, flying, slowed, constricted, very
slow
A: horns 2, retaliatory headbutt, berserk 1, clumsy 1, evolution 1
}: 3/15 runes: serpentine, barnacled, silver
a: Renounce Religion, Berserk, Trog's Hand, Brothers in Arms


You were on level 1 of the Realm of Zot.
You worshipped Trog.
Trog was exalted by your worship.
You visited 9 branches of the dungeon, and saw 45 of its levels.

You collected 6955 gold pieces.
You spent 1092 gold pieces at shops.

Inventory:

Hand Weapons
 O - a +8 vampiric war axe (weapon)
Missiles
 e - 9 throwing nets (quivered)
Armour
 j - a +2 pair of boots of flying (worn)
 q - a +4 kite shield of reflection (worn)
 G - the +1 hat "Osech" (worn) {Dex+4}
   (You acquired it on level 1 of the Vaults)

   Dex+4:     It affects your dexterity (+4).
 I - a +2 pair of gloves (worn)
 M - the +10 crystal plate armour of Ymof (worn) {rPois}
   (You acquired it on level 2 of the Vaults)

   rPois:     It protects you from poison
 Q - the +0 cloak of the Wereyak (worn) {rElec rPois Will+ Dex-3}
   (You found it on level 10 of the Dungeon)

   Dex-3:     It affects your dexterity (-3).
   rElec:     It insulates you from electricity.
   rPois:     It protects you from poison Will+: It increases your willpower.
Jewellery
 a - a ring of see invisible
 g - a ring of positive energy
 t - the amulet of Xount (around neck) {Regen+ rCorr Int+5}
   (You found it on level 5 of the Vaults)

   [amulet of regeneration]

   Int+5:     It affects your intelligence (+5).
   Regen+:    It increases your rate of health regeneration.
   rCorr:     It protects you from acid and corrosion.
 B - a ring of protection from fire (right hand)
 C - a ring of ice
 F - a ring of protection from cold (left hand)
 J - a ring of protection from cold
 K - a ring of poison resistance
 R - a +4 ring of protection
 W - a ring of resist corrosion
 Z - an amulet of guardian spirit
Wands
 l - a wand of digging (22)
 p - a wand of paralysis (13)
 r - a wand of mindburst (71)
 w - a wand of flame (12)
Scrolls
 b - a scroll of butterflies
 d - 3 scrolls of silence
 o - 3 scrolls of revelation
 u - 3 scrolls of immolation
 v - 2 scrolls of torment
 y - 16 scrolls of identify
 z - 16 scrolls of teleportation
 D - 8 scrolls of vulnerability
 E - 2 scrolls of brand weapon
 N - 6 scrolls of poison
 P - 3 scrolls of blinking
 S - 5 scrolls of fog
 V - 4 scrolls of fear
Potions
 c - 6 potions of mutation
 f - 6 potions of haste
 h - 13 potions of curing
 i - 5 potions of attraction
 k - 3 potions of magic
 m - 2 potions of cancellation
 n - 7 potions of heal wounds
 s - 11 potions of enlightenment
 x - 10 potions of ambrosia
 H - 6 potions of lignification
 L - 7 potions of resistance
 U - 4 potions of might
 X - 4 potions of berserk rage


   Skills:
 O Level 27 Fighting
 + Level 26.5 Axes
 * Level 21.3 Armour
 * Level 17.0 Dodging
 + Level 26.1 Shields
 * Level 4.3 Evocations


You had 22 spell levels left.
You didn't know any spells.
Your spell library was empty.

Dungeon Overview and Level Annotations

Branches:
Dungeon (15/15)            Temple (0/1) D:7            Lair (5/5) D:11
 Shoals (4/4) Lair:3        Snake (4/4) Lair:3        Slime (0/5) Lair:4
    Orc (2/2) D:11            Elf (3/3) Orc:2        Vaults (5/5) D:13
  Crypt (0/3) Vaults:3     Depths (4/4) D:15            Zot (3/5) Depths:4

Altars:
Ashenzari
Dithmenos
Fedhas
Hepliaklqana
Kikubaaqudgha
Makhleb
Qazlal
Sif Muna
Uskayaw
Xom
Yredelemnul
Zin
The Shining One

Shops:
D:4 :   D:9 =   D:13 =   D:14 [   Orc:2 [(:[   Elf:2 **!(   Shoals:3 *
Snake:3 (   Depths:3 *==:

Portals:
Hell: Depths:1 Depths:3 Depths:4
Abyss: Depths:1 Depths:3 Depths:4
Pandemonium: Depths:3
Ziggurat: Depths:4
Trove: Depths:1 (give 17 potions of curing)

Annotations:
Vaults:3 2 runed translucent doors, Xedevy's ghost, adept KoEn
Zot:1 Parghit


Innate Abilities, Weirdness & Mutations

You have a pair of horns on your head.
You reflexively headbutt those who attack you in melee.
You sometimes lose your temper in combat.
You are clumsy. (Dex -2)
You have hidden genetic potential.


Message History

The moth of wrath goads the white draconian on!
The white draconian goes berserk!
Parghit bites you but does no damage. Parghit claws you!! Parghit claws you!!!
* * * LOW HITPOINT WARNING * * *
The moth of wrath barely misses you.
The golden dragon bites you but does no damage.
The golden dragon claws you but does no damage.
The golden dragon tramples you but does no damage.
The white draconian barely misses you. You furiously retaliate!
You headbutt the white draconian!
The white draconian hits you but does no damage.
The electric golem hits you but does no damage.
The electric golem closely misses you.
The electric golem hits you but does no damage. x2
The tentacled monstrosity closely misses you.
You furiously retaliate!
You headbutt the tentacled monstrosity!
The tentacled monstrosity tentacle-slaps you but does no damage. x2
The tentacled monstrosity constricts you.
* * * LOW HITPOINT WARNING * * *
The purple draconian shifter gestures at you while chanting.
Blink to where?
Press: ? - help, Dir - move target The tentacled monstrosity's grasp on you weakens, but your attempt to escape fails.
As you read the scroll of blinking, it crumbles to dust.
Parghit bites you!!
* * * LOW HITPOINT WARNING * * *
You block Parghit's attack. Parghit claws you but does no damage.
You block the white draconian's attack. You block the electric golem's attack.
The electric golem hits you but does no damage. x3
The moth of wrath goads the white draconian on!
The white draconian goes berserk!
The moth of wrath goads the tentacled monstrosity on!
The tentacled monstrosity goes berserk!
The golden dragon bites you but does no damage.
The golden dragon claws you but does no damage.
The golden dragon tramples you but does no damage.
Parghit bites you but does no damage. Parghit claws you.
* * * LOW HITPOINT WARNING * * *
Parghit claws you!!
You die...

##### *,,,,,,,,,* #####
*,....,,,,* *.....,,,⌠*****
*.....,**,**,,,
####.....,**,,,,,,
#........,**,,,,,,
################....>...,,,,,,,**
.......q.......XdT......,**,,,,*
............q.qD@y......,**,****
.........^.....9dy..q...,**,*
..########.....#..d.....,**,*
###*,,,* #.....##...§...,**,*
****,,,**#[..###*.......,**,*
,,,,,,,,,....d.,,.......,,,,*
********######.,,.....#.,,,,*
*,,,,,,##...#,,,,,*
***********,,,,,,**...#,,,,,*


You could see an electric golem, a tentacled monstrosity (berserk), Parghit
(berserk), a golden dragon, 3 draconians, 2 draconians, a yellow draconian
annihilator and 2 moths of wrath.

Vanquished Creatures
  An orb of fire (Zot:1)
  An ancient lich (Vaults:5)
  A royal mummy (Depths:2)
  Vv (Zot:1)
  Saint Roka (Snake:3)
  Nikola (Shoals:4)
  5 golden dragons
  8 tentacled monstrosities
  A walking earthen tome (Depths:4)
  Mlioglotl (Shoals:4)
  2 quicksilver dragons
  3 deep elf blademasters
  A kraken (Shoals:4)
  6 titans
  4 deep elf master archers
  3 sphinxes
  5 shadow dragons
  2 death cobs (Zot:1)
  Donald (Elf:1)
  8 tengu reavers
  11 fire giants
  5 storm dragons
  Aizul (Elf:2)
  7 frost giants
  8 nagarajas
  The ghost of Wastoufi the Bludgeoner, an adept GrFi of Okawaru (Snake:3)
  Louise (D:14)
  2 balrugs
  7 deep elf sorcerers (Elf:3)
  A draconian shifter (Zot:1)
  17 vault wardens
  A deep elf elementalist (Elf:3)
  4 draconian stormcallers (Depths:4)
  23 ironbound preservers
  A spriggan defender (Depths:3)
  2 orc warlords
  15 stone giants
  A draconian annihilator (Depths:4)
  6 very ugly things
  7 vampire knights
  6 ironbound thunderhulks
  2 green draconians
  5 deep elf demonologists
  4 black draconians
  12 dire elephants
  A yellow draconian (Depths:4)
  9 deep elf annihilators
  5 spark wasps
  A war gargoyle (Vaults:5)
  7 deep elf death magi
  2 purple draconians
  2 white draconians (Zot:1)
  Azrael (Orc:2)
  Snorg (D:10)
  An eidolon (Vaults:3)
  A red draconian (Zot:1)
  6 merfolk javelineers (Shoals:4)
  9 fire dragons
  13 ettins
  8 merfolk impalers
  2 mummy priests (Depths:2)
  14 yaktaur captains
  A jiangshi (Vaults:3)
  Erolcha (D:9)
  9 great orbs of eyes
  4 rakshasas
  8 deep elf high priests
  26 vault guards
  Fannar (D:11)
  7 ice dragons
  7 hydras
  2 spriggan air magi (Depths:3)
  Harold (D:11)
  An ogre mage (D:14)
  5 ironbound frosthearts
  4 merfolk avatars
  3 catoblepae (Lair:5)
  A death knight (Vaults:3)
  A satyr (Shoals:2)
  9 anacondas
  3 merfolk aquamancers (Shoals:4)
  6 two-headed ogres
  7 deep troll shamans
  39 dancing weapons
  A two-headed ogre (shapeshifter) (Vaults:5)
  4 boulder beetles
  7 tengu warriors
  7 centaur warriors
  10 naga warriors
  A sphinx skeleton (D:15)
  14 death yaks (Lair:5)
  5 deep troll earth magi
  6 orc high priests
  2 vampire magi
  17 naga sharpshooters
  2 occultists
  2 sun demons (Depths:1)
  Nergalle (Lair:1)
  A spriggan berserker (Depths:3)
  7 shock serpents
  2 spriggans (Depths:3)
  20 deep elf knights
  2 hell knights
  6 skysharks
  2 glowing orange brains
  6 iron trolls
  3 skeletal warriors (D:15)
  80 deep trolls
  2 salamander mystics
  A spark wasp zombie (D:15)
  28 sea snakes
  An orb spider (shapeshifter) (Depths:1)
  A sun moth (shapeshifter) (Vaults:5)
  A golden dragon zombie (Depths:2)
  8 mana vipers
  A flayed ghost (Vaults:5)
  4 lindwurms (Vaults:2)
  3 naga ritualists
  4 bog bodies (Shoals:4)
  15 deep elf archers
  A lindwurm (shapeshifter) (Vaults:5)
  7 arcanists
  19 harpies
  A golden dragon skeleton (Depths:2)
  10 orc knights
  2 stone giant zombies (Vaults:2)
  17 ironbound convokers
  32 deep elf pyromancers
  5 necromancers
  6 phantasmal warriors
  14 manticores
  A tengu skeleton (Depths:2)
  28 deep elf zephyrmancers
  An oklob plant (D:11)
  5 salamanders
  5 orc sorcerers
  A shining eye (shapeshifter) (Depths:2)
  18 ugly things
  A meliai (shapeshifter) (Elf:1)
  5 cyclopes
  12 fauns
  Maurice (D:12)
  A manticore (shapeshifter) (Depths:1)
  9 merfolk sirens
  A frost giant zombie (Vaults:2)
  21 elephants
  A kobold blastminer (Orc:2)
  2 moths of wrath
  6 centaur zombies (D:10)
  3 water nymphs
  A water nymph (shapeshifter) (Depths:4)
  26 black mambas
  A torpor snail (shapeshifter) (Depths:3)
  A centaur skeleton (D:10)
  A molten gargoyle (Depths:4)
  A cane toad (shapeshifter) (D:15)
  4 guardian serpents (Snake:4)
  19 vault sentinels
  17 naga magi
  11 cane toads
  An eye of devastation (shapeshifter) (Vaults:5)
  3 gargoyles
  Jeremiah (D:9)
  6 komodo dragons
  30 yaktaurs
  2 freezing wraiths (Vaults:5)
  2 efreet
  A kobold demonologist (D:9)
  4 tengu conjurers
  3 rime drakes
  A yaktaur skeleton (Vaults:2)
  A polar bear (shapeshifter) (Elf:2)
  A queen bee (Lair:2)
  29 merfolk
  3 wind drakes
  4 trolls
  2 polar bears (Lair:5)
  2 hornets (Depths:3)
  27 blink frogs
  9 snapping turtles
  2 glass eyes (Depths:4)
  Prince Ribbit (D:6)
  8 dream sheep
  A meliai zombie (D:10)
  An ettin zombie (Vaults:2)
  34 slime creatures
  A slime creature (shapeshifter) (Vaults:4)
  A centaur simulacrum (D:14)
  2 wraiths
  25 water elementals
  4 air elementals
  4 wyverns
  3 vampires (D:12)
  51 yaks
  4 fire bats (Depths:4)
  7 fire elementals
  4 wargs
  A yaktaur simulacrum (Vaults:2)
  2 basilisks
  Grum (D:11)
  8 vampire mosquitoes
  3 acid dragons
  38 nagas
  An acid dragon (shapeshifter) (Elf:3)
  A hell hound (Orc:2)
  21 water moccasins
  30 orc warriors
  A sky beast (D:5)
  A black bear (D:4)
  8 ogres
  A boggart (Vaults:2)
  11 centaurs
  11 wolves
  5 kobold brigands
  14 bullfrogs
  A human simulacrum (Depths:2)
  3 earth elementals
  A scorpion (D:4)
  2 burial acolytes (D:10)
  29 killer bees
  3 electric eels
  11 howler monkeys
  2 bombardier beetles
  2 human zombies
  3 jellies
  4 hounds
  A gnoll bouda (D:8)
  34 orc priests
  2 sleepcaps
  3 iguanas
  15 orc wizards
  A howler monkey zombie (D:10)
  Robin (D:2)
  7 adders
  5 gnolls (D:8)
  3 white imps
  4 ufetubi
  3 ribbon worms
  2 dart slugs
  69 orcs
  7 ball pythons
  6 bats
  5 endoplasms
  3 giant cockroaches
  11 goblins
  15 hobgoblins
  11 jackals
  2 quokkas
  8 frilled lizards
  38 kobolds
  12 rats
1802 creatures vanquished.

Vanquished Creatures (collateral kills)
  A fire giant (Vaults:5)
  A deep elf elementalist (Elf:3)
  A deep elf high priest (Vaults:5)
  A dancing weapon (Elf:2)
  A phantasmal warrior (Vaults:5)
  3 merfolk (Shoals:4)
  An orc warrior (D:11)
  An orc priest (D:8)
  An orc wizard (D:8)
  5 orcs
16 creatures vanquished.

Vanquished Creatures (others)
  A nagaraja (Snake:4)
  A deep elf sorcerer (Elf:3)
  A fire dragon (Depths:2)
  An alligator snapping turtle (Shoals:4)
  An occultist (Depths:4)
  3 deep elf knights
  A manticore (Shoals:1)
  A dream sheep (Shoals:4)
  A water elemental (Elf:1)
  4 tentacles (Shoals:4)
15 creatures vanquished.

Grand Total: 1833 creatures vanquished

Notes
Turn   | Place    | Note
-------+----------+-------------------------------------------
     0 | D:1      | case the Minotaur Berserker began the quest for the Orb.
     0 | D:1      | Reached XP level 1. HP: 19/19 MP: 0/0
   165 | D:1      | Reached XP level 2. HP: 23/26 MP: 1/1
   379 | D:1      | Reached skill level 5 in Axes
   613 | D:1      | Reached ** piety under Trog
   630 | D:1      | Reached XP level 3. HP: 31/31 MP: 2/2
  1139 | D:2      | Noticed Robin
  1151 | D:2      | Killed Robin
  1152 | D:2      | Reached XP level 4. HP: 38/39 MP: 3/3
  1666 | D:3      | Reached *** piety under Trog
  1748 | D:3      | Reached XP level 5. HP: 45/45 MP: 4/4
  1752 | D:3      | Found a faded altar of an unknown god.
  2443 | D:3      | You fall into a shaft and drop 2 floors!
  2443 | D:5      | Entered Level 5 of the Dungeon
  2458 | D:5      | Noticed a sky beast
  2467 | D:5      | Killed a sky beast
  2479 | D:5      | Reached XP level 6. HP: 29/51 MP: 5/5
  3091 | D:4      | Identified the +13 chain mail of Tasuodil {rElec Str-2
                  | Dex+6}
  3255 | D:4      | Reached **** piety under Trog
  3368 | D:4      | Found Fatoumm's Book Boutique.
  3399 | D:4      | Reached XP level 7. HP: 44/57 MP: 6/6
  3567 | D:4      | Reached skill level 10 in Axes
  4467 | D:6      | Found a shadowy altar of Dithmenos.
  4507 | D:6      | Noticed Prince Ribbit
  4511 | D:6      | Killed Prince Ribbit
  4512 | D:6      | Reached XP level 8. HP: 53/64 MP: 7/7
  4735 | D:6      | Found a burning altar of Makhleb.
  4869 | D:6      | Reached skill level 1 in Shields
  5374 | D:7      | Reached skill level 4 in Fighting
  5570 | D:7      | Found a staircase to the Ecumenical Temple.
  5590 | D:7      | Reached ***** piety under Trog
  5718 | D:7      | Reached skill level 5 in Armour
  5725 | D:7      | Reached XP level 9. HP: 72/72 MP: 8/8
  5733 | D:7      | Found a glowing golden altar of the Shining One.
  6053 | D:8      | Reached skill level 5 in Fighting
  6236 | D:8      | Found a hazy altar of Hepliaklqana.
  6489 | D:8      | Reached skill level 5 in Shields
  6495 | D:8      | Reached skill level 6 in Fighting
  6656 | D:8      | Found a blossoming altar of Fedhas.
  6767 | D:9      | Noticed Erolcha
  6781 | D:9      | Killed Erolcha
  6782 | D:9      | Reached XP level 10. HP: 19/83 MP: 9/9
  7278 | D:9      | Reached skill level 7 in Fighting
  7456 | D:9      | Noticed Jeremiah
  7484 | D:9      | Killed Jeremiah
  7688 | D:9      | Identified the +1 leather armour of Resourcefulness {rF-
                  | Regen+ rCorr Dex+3}
  7791 | D:9      | Found Xios Qipp's Jewellery Shop.
  7808 | D:9      | Bought an amulet of reflection for 480 gold pieces
  8077 | D:10     | Entered Level 10 of the Dungeon
  8090 | D:10     | Noticed a two-headed ogre
  8091 | D:10     | Noticed Snorg
  8099 | D:10     | Killed a two-headed ogre
  8100 | D:10     | Reached skill level 15 in Axes
  8103 | D:10     | Killed Snorg
  8104 | D:10     | Reached skill level 8 in Fighting
  8104 | D:10     | Reached XP level 11. HP: 94/94 MP: 10/10
  8451 | D:10     | Found a broken altar of Ashenzari.
  8891 | D:10     | Received a gift from Trog
  8954 | D:10     | Found an ancient bone altar of Kikubaaqudgha.
  8979 | D:10     | Reached skill level 10 in Shields
  9285 | D:10     | Identified the +0 cloak of the Wereyak {rElec rPois Will+
                  | Dex-3}
  9324 | D:11     | Noticed Fannar
  9325 | D:11     | Noticed a boulder beetle
  9344 | D:11     | Killed Fannar
  9385 | D:11     | Killed a boulder beetle
  9636 | D:11     | Found a staircase to the Orcish Mines.
  9703 | D:11     | Noticed Grum
  9710 | D:11     | Reached skill level 5 in Dodging
  9728 | D:11     | Killed Grum
 10109 | D:11     | Noticed an oklob plant
 10142 | D:11     | Found a staircase to the Lair.
 10320 | D:11     | Identified a scroll of acquirement
 10321 | D:11     | Acquired a +1 pair of boots of flying
 10375 | D:11     | Noticed a two-headed ogre
 10383 | D:11     | Killed a two-headed ogre
 10384 | D:11     | Reached XP level 12. HP: 89/103 MP: 11/11
 10479 | D:11     | Noticed Harold
 10479 | D:11     | Noticed a two-headed ogre
 10492 | D:11     | Killed a two-headed ogre
 10502 | D:11     | Killed Harold
 10503 | D:11     | Reached skill level 9 in Fighting
 10685 | D:11     | Noticed a boulder beetle
 10750 | D:11     | a boulder beetle changed into an ettin
 10750 | D:11     | Noticed an ettin
 10758 | D:11     | Killed an ettin
 10828 | Lair:1   | Entered Level 1 of the Lair of Beasts
 11137 | Lair:1   | Noticed Nergalle
 11149 | Lair:1   | Killed Nergalle
 11206 | Lair:1   | Reached skill level 10 in Fighting
 11657 | Lair:1   | Reached skill level 11 in Fighting
 11662 | Lair:1   | Reached skill level 10 in Armour
 12078 | Lair:2   | Noticed a six-headed hydra
 12089 | Lair:2   | Killed a six-headed hydra
 12555 | Lair:2   | Reached skill level 12 in Fighting
 12669 | Lair:2   | Reached XP level 13. HP: 118/118 MP: 12/12
 12926 | Lair:3   | Found a staircase to the Snake Pit.
 13268 | Lair:3   | Reached skill level 13 in Fighting
 13488 | Lair:3   | Reached skill level 10 in Dodging
 13845 | Lair:3   | Found a staircase to the Shoals.
 14260 | Lair:4   | Reached skill level 14 in Fighting
 14699 | Lair:4   | Found a staircase to the Slime Pits.
 14970 | Lair:4   | Reached skill level 15 in Fighting
 14976 | Lair:4   | Received a gift from Trog
 15143 | Lair:5   | Entered Level 5 of the Lair of Beasts
 15278 | Lair:5   | Reached XP level 14. HP: 135/135 MP: 13/13
 15563 | Lair:5   | Reached skill level 16 in Fighting
 16708 | Orc:1    | Entered Level 1 of the Orcish Mines
 16937 | Orc:1    | Found a burning altar of Makhleb.
 16995 | Orc:1    | Found a runed translucent door.
 16998 | Orc:1    | Noticed a balrug
 17010 | Orc:1    | Killed a balrug
 17216 | Orc:2    | Entered Level 2 of the Orcish Mines
 17218 | Orc:2    | Received a gift from Trog
 17512 | Orc:2    | Found a staircase to the Elven Halls.
 17647 | Orc:2    | Noticed Azrael
 17665 | Orc:2    | Killed Azrael
 17970 | Orc:2    | Reached XP level 15. HP: 146/146 MP: 14/14
 17971 | Orc:2    | Received a gift from Trog
 17977 | Orc:2    | Reached skill level 17 in Fighting
 17997 | Orc:2    | Reached ****** piety under Trog
 18135 | Orc:2    | Found Qakh's Antique Weapon Shop.
 18138 | Orc:2    | Found Hach's Book Boutique.
 18139 | Orc:2    | Found Ivvor Zoaqa's Antique Armour Shop.
 18140 | Orc:2    | Found Nyzugif's Antique Armour Shop.
 18293 | Shoals:1 | Entered Level 1 of the Shoals
 19448 | D:12     | Found a shimmering blue altar of Sif Muna.
 19521 | D:12     | Found a shimmering altar of Xom.
 19632 | D:12     | Received a gift from Trog
 20005 | D:12     | Noticed Maurice
 20015 | D:12     | Killed Maurice
 20224 | D:13     | Reached skill level 18 in Fighting
 20229 | D:13     | Identified the ring of Pijus {*Slow rCorr MP+9 Int+5}
 20370 | D:13     | Found Waor's Jewellery Shoppe.
 20448 | D:13     | Found a gate to the Vaults.
 20516 | D:13     | Identified the +0 scale mail of Elyvilon's Respect {Harm
                  | ^Drain rElec}
 21290 | D:14     | Noticed Louise
 21291 | D:14     | Found Gamuxkuarph's Armour Emporium.
 21301 | D:14     | Killed Louise
 21482 | D:15     | Entered Level 15 of the Dungeon
 21544 | D:15     | Found a staircase to the Depths.
 21561 | D:15     | Received a gift from Trog
 21562 | D:15     | Reached XP level 16. HP: 139/157 MP: 15/15
 21571 | D:15     | Reached skill level 15 in Shields
 21792 | Shoals:2 | Reached skill level 19 in Fighting
 22797 | Shoals:3 | Found Wecvoff's CLEARANCE SALE!.
 22798 | Shoals:3 | Identified the +7 flail "Luamn" {elec, Will+ Str+2}
 23195 | Shoals:3 | Received a gift from Trog
 23213 | Shoals:4 | Entered Level 4 of the Shoals
 23412 | Shoals:4 | Noticed Nikola
 23422 | Shoals:4 | Killed Nikola
 23611 | Shoals:4 | Reached skill level 20 in Fighting
 23758 | Shoals:4 | Identified the ring "Bakap" {rC+ Dex+3}
 24015 | Shoals:4 | Noticed Mlioglotl
 24022 | Shoals:4 | Killed Mlioglotl
 24034 | Shoals:4 | Got a barnacled rune of Zot
 24333 | Shoals:4 | Received a gift from Trog
 24568 | Shoals:4 | Reached XP level 17. HP: 172/172 MP: 16/16
 24817 | Shoals:4 | Noticed a kraken
 24825 | Shoals:4 | Killed a kraken
 24981 | Snake:1  | Entered Level 1 of the Snake Pit
 25022 | Snake:1  | Reached skill level 21 in Fighting
 25854 | Snake:2  | You are sucked into a shaft and drop 1 floor!
 25904 | Snake:3  | Noticed Saint Roka
 25919 | Snake:3  | Killed Saint Roka
 26445 | Snake:2  | Reached skill level 22 in Fighting
 26456 | Snake:2  | Received a gift from Trog
 27853 | Snake:3  | Noticed Wastoufi's ghost (adept GrFi)
 27854 | Snake:3  | Found a runed translucent door.
 27961 | Snake:3  | Found Sawku's Antique Weapon Boutique.
 28073 | Snake:3  | Killed Wastoufi's ghost
 28075 | Snake:3  | Identified the +2 ring mail of the Untouchables {-Cast
                  | rElec rN++ rCorr}
 28386 | Snake:4  | Entered Level 4 of the Snake Pit
 28696 | Snake:4  | Reached skill level 23 in Fighting
 28703 | Snake:4  | Reached XP level 18. HP: 85/188 MP: 17/17
 29124 | Snake:4  | Received a gift from Trog
 29404 | Snake:4  | Reached skill level 15 in Armour
 30288 | Snake:4  | Reached skill level 24 in Fighting
 30646 | Snake:4  | Got a serpentine rune of Zot
 30899 | D:13     | Bought an amulet of regeneration for 570 gold pieces
 31242 | Vaults:1 | Entered Level 1 of the Vaults
 31283 | Vaults:1 | Received a gift from Trog
 31418 | Elf:1    | Entered Level 1 of the Elven Halls
 31463 | Elf:1    | Noticed Donald
 31474 | Elf:1    | Killed Donald
 31953 | Elf:1    | Paralysed by an air elemental for 1 turns
 32298 | Elf:2    | Paralysed by an air elemental for 1 turns
 32303 | Elf:1    | Reached skill level 25 in Fighting
 32329 | Elf:1    | Received a gift from Trog
 32407 | Elf:2    | Reached XP level 19. HP: 186/202 MP: 18/18
 32468 | Elf:2    | Identified the -2 pair of gloves of Space {rF+}
 32497 | Elf:2    | Found a runed translucent gate.
 32534 | Elf:2    | Found a runed translucent gate.
 32534 | Elf:2    | Found a runed translucent gate.
 32565 | Elf:3    | Entered Level 3 of the Elven Halls
 32702 | Elf:3    | Received a gift from Trog
 33095 | Elf:3    | Reached skill level 26 in Fighting
 33370 | Elf:2    | Found Uhuicave's Distillery.
 33370 | Elf:2    | Found Peduq's General Store.
 33371 | Elf:2    | Found Duref's Weapon Boutique.
 33382 | Elf:2    | Found Rocuin's General Store.
 33421 | Elf:2    | Bought a scroll of teleportation for 42 gold pieces
 33536 | Elf:3    | Received a gift from Trog
 33542 | Elf:3    | Identified the amulet of Kawiphoal {RegenMP ^Fragile Fly
                  | rPois}
 33701 | Elf:3    | Identified the +1 rapier "Ulaje" {holy, rElec rC+}
 33714 | Elf:3    | Identified the +4 falchion of Panuxage {flame, Dex+3}
 33716 | Elf:3    | Noticed a Brimstone Fiend
 33721 | Elf:3    | Noticed a Tzitzimitl
 33728 | Elf:3    | Identified the +4 long sword "Ulec" {flame, rElec Str+2
                  | Dex+3}
 33735 | Elf:3    | Identified the staff "Hexkeast" {rElec rN+ rCorr Dex-4
                  | Necro}
 33736 | Elf:3    | Identified the staff of the Viper {rElec Conj}
 33746 | Elf:3    | Identified the staff of Resourcefulness {rN+ Conj}
 34154 | Elf:3    | Found a shimmering blue altar of Sif Muna.
 34438 | Elf:2    | Identified the serpent talisman of Neinau {rElec Str+3}
 34438 | Elf:2    | Noticed Aizul
 34448 | Elf:2    | Killed Aizul
 34462 | Elf:2    | Reached skill level 27 in Fighting
 34801 | Elf:2    | Received a gift from Trog
 35174 | Vaults:1 | Reached XP level 20. HP: 216/216 MP: 19/19
 35644 | Vaults:1 | Received a gift from Trog
 36040 | Vaults:1 | Acquired the +1 hat "Osech" {Dex+4}
 36551 | Vaults:2 | Acquired the +10 crystal plate armour of Ymof {rPois}
 37056 | Vaults:2 | Received a gift from Trog
 37842 | Vaults:3 | Reached XP level 21. HP: 222/224 MP: 20/20
 37908 | Vaults:3 | Received a gift from Trog
 38170 | Vaults:3 | Found a staircase to the Crypt.
 38304 | Vaults:3 | Found a large runed translucent door.
 38304 | Vaults:3 | Found a large runed translucent door.
 38304 | Vaults:3 | Noticed Xedevy's ghost (adept KoEn)
 39017 | Vaults:4 | Received a gift from Trog
 40018 | Vaults:5 | Entered Level 5 of the Vaults
 40039 | Vaults:5 | Received a gift from Trog
 40092 | Vaults:5 | Found the +5 demon whip "Spellbinder" {antimagic, disrupt,
                  | Will+}
 40178 | Vaults:5 | Reached skill level 15 in Dodging
 40266 | Vaults:5 | Reached XP level 22. HP: 207/233 MP: 21/21
 40292 | Vaults:5 | Identified the +4 war axe of Louveaho {drain, rPois}
 40354 | Vaults:5 | Identified the +7 ring mail "Taular" {Str+5}
 40390 | Vaults:5 | Identified the ring "Ciajuwop" {Wiz rC+}
 40885 | Vaults:5 | Received a gift from Trog
 41225 | Vaults:5 | Identified the amulet of Xount {Regen+ rCorr Int+5}
 41313 | Vaults:5 | Identified the +2 hand axe of the Sixty-Six Cities {freeze,
                  | *Rage *Noise rPois Dex+8}
 41730 | Vaults:5 | Noticed an ancient lich
 41744 | Vaults:5 | Killed an ancient lich
 41754 | Vaults:5 | Got a silver rune of Zot
 41760 | Vaults:5 | Identified the scarf of Zin's Envy {repulsion, rF+}
 42180 | Depths:1 | Entered Level 1 of the Depths
 42276 | Depths:1 | Identified the +1 scale mail of Polytheism {rPois}
 42323 | Depths:1 | You are sucked into a shaft and drop 1 floor!
 42445 | Depths:2 | Gained mutation: You expend magic power (3 MP) to
                  | strengthen your wands. [a shining eye]
 42448 | Depths:2 | Gained mutation: You are dopey. (Int -2) [a shining eye]
 42490 | Depths:2 | Received a gift from Trog
 42865 | Depths:1 | Found a gateway to Hell.
 42885 | Depths:1 | Identified the +0 chain mail of Patterns {rC- rCorr Dex+2}
 43059 | Depths:1 | Found a one-way gate to the infinite horrors of the Abyss.
 43068 | Depths:1 | Found Lagar's Antique Armour Shop.
 43277 | Depths:1 | Found a basalt altar of Yredelemnul.
 43278 | Depths:1 | Found a shadowy altar of Dithmenos.
 43279 | Depths:1 | Found a stormy altar of Qazlal.
 43279 | Depths:1 | Found a glowing silver altar of Zin.
 43283 | Depths:1 | Identified the +4 mace "Lakkon" {flame, rElec Int+4}
 43450 | Depths:1 | Found a portal to a secret trove of treasure.
 43485 | Depths:1 | Reached XP level 23. HP: 240/240 MP: 22/22
 43695 | Depths:2 | Noticed a royal mummy
 43710 | Depths:2 | Killed a royal mummy
 44030 | Depths:3 | Found a burning altar of Makhleb.
 44039 | Depths:3 | Reached skill level 1 in Evocations
 44069 | Depths:3 | Found a glowing golden altar of the Shining One.
 44120 | Depths:3 | Found Waedown's Elemental Accessories.
 44180 | Depths:3 | Received a gift from Trog
 44282 | Depths:3 | Found a one-way gate leading to the halls of Pandemonium.
 44466 | Depths:3 | Found Jelumopt's Book Boutique.
 44467 | Depths:3 | Found Pusunaun's Jewellery Emporium.
 44467 | Depths:3 | Found Zyocas's Jewellery Emporium.
 44509 | Depths:4 | Entered Level 4 of the Depths
 44895 | Depths:4 | Received a gift from Trog
 44935 | Depths:4 | Found a hide-covered altar of Uskayaw.
 44978 | Depths:4 | Found a one-way gateway to a ziggurat.
 45041 | Depths:4 | Found a gate to the Realm of Zot.
 45322 | Depths:4 | Got a midnight gem with 60 turns to spare
 45385 | Depths:4 | Lost the midnight gem through the power of Zot.
 45627 | Zot:1    | Entered Level 1 of the Realm of Zot
 45749 | Zot:2    | Noticed an orb of fire
 45752 | Zot:1    | Gained mutation: You are clumsy. (Dex -2) [an orb of fire]
 45754 | Zot:1    | Gained mutation: You sometimes lose your temper in combat.
                  | [an orb of fire]
 45774 | Zot:1    | Killed an orb of fire
 45801 | Zot:1    | Lost mutation: You are dopey. (Int -2) [potion of mutation]
 45801 | Zot:1    | Lost mutation: You expend magic power (3 MP) to strengthen
                  | your wands. [potion of mutation]
 45801 | Zot:1    | Gained mutation: You have hidden genetic potential. [potion
                  | of mutation]
 45881 | Zot:1    | Noticed Parghit
 45882 | Zot:1    | Noticed Vv
 45910 | Zot:1    | Killed Vv
 45928 | Zot:1    | Mangled by Parghit

Illustrated notes

Levels and vault maps discovered:
D:1:      giann_horns, layout_loops_ring, minmay_tromino_mix6
D:2:      layout_loops_cross, serial_aquarium, aquarium_bridge_long_joined
          [aquarium_subvault_window, aquarium_subvault_wall,
          aquarium_subvault_bridge, aquarium_subvault_wall,
          aquarium_subvault_wall, aquarium_subvault_bridge],
          aquarium_window_corner, aquarium_window_1, aquarium_window_3,
          aquarium_view_2b, aquarium_view_2d, aquarium_balcony_3a,
          aquarium_pool_side, lexackson_kobold_supper, uniq_robin
D:3:      layout_loops_corners, shapermc_ecumenical_altar_mp_urbaneastern,
          minmay_misc_feat_iff, chequers_serial_rivers_large_b,
          grunt_ministairs_10, chequers_serial_rivers_large_a
D:4:      layout_loops_ring, serial_shops, shop, kennysheep_opposing_triangles
D:5:      layout_rooms, serial_corexii_hall, corexii_hall_statues_u,
          corexii_hall_statues_u
D:6:      layout_loops_ring, mainiacjoe_overflow_brackets,
          mainiacjoe_overflow_alcove_2, uniq_prince_ribbit1
D:7:      layout_basic, old_standard_altar, minmay_temple_entry_glass
D:8:      layout_gridville, fedhas_altar_fruit_tree,
          mainiacjoe_overflow_cross_hatched, minmay_manual_mares
D:9:      layout_roguey, serial_aquarium, aquarium_bridge_long_joined
          [aquarium_subvault_balcony, aquarium_subvault_bridge,
          aquarium_subvault_balcony, aquarium_subvault_bridge,
          aquarium_subvault_balcony, aquarium_subvault_window],
          aquarium_window_1, aquarium_window_1, aquarium_window_1,
          aquarium_window_2, aquarium_view_2e, aquarium_balcony_1a,
          serial_shops, shop, uniq_erolcha, uniq_jeremiah
D:10:     layout_stronghold, nicolae_ashenzari_panopticon,
          lemuel_mausoleum_altar_kikubaaqudgha, uniq_snorg
D:11:     layout_basic, dpeg_oklobed_lair, david_orc_3, uniq_harold, uniq_grum,
          uniq_fannar
D:12:     layout_basic, hangedman_feature_mirror, uniq_maurice
D:13:     layout_cave_pools, hellmonk_vaults_order_and_chaos, serial_shops,
          nicolae_shop_hallway_stairs, minmay_radiant
D:14:     layout_loops_ring, serial_shops, shop_fountains, uniq_louise
D:15:     gammafunk_depths_entry_grave, layout_cross, chequers_mini_garden
Lair:1:   layout_misc_corridors, serial_bayou_shore_a, grunt_megastairs_2,
          serial_bayou_shore_b, uniq_nergalle
Lair:2:   layout_roguey [special_room_bee]
Lair:3:   beargit_carnivore_pack, layout_regular_city, minmay_shoals_entry_hut,
          guppyfry_snake_entry_garden, infiniplex_staircase_pool,
          serial_bayou_shore_b, lemuel_fruit_fields
Lair:4:   layout_gridlike, slime_entry_1, grunt_megastairs_1
Lair:5:   evilmike_catoblepas_cave, layout_long_grid, gauntlet_entry_generic,
          grunt_megastairs_5
Shoals:1: layout_shoals
Shoals:2: layout_shoals, nicolae_shoals_shepherds, uniq_ilsuiw
Shoals:3: layout_shoals, nicolae_shop_clearance
Shoals:4: shoals_end_hangedman, layout_shoals, nicolae_shoals_secluded_bog,
          uniq_mlioglotl, uniq_nikola
Snake:1:  layout_onion_interference
Snake:2:  layout_cave_pods, nicolae_snake_gridmaze_tees,
          nicolae_large_snake_swirl
Snake:3:  layout_chambers, gammafunk_ghost_grave, nicolae_take_the_stairs,
          uniq_saint_roka
Snake:4:  grunt_snake_rune_pools, layout_rooms, special_room,
          nicolae_snake_gridmaze_swirls, serial_bayou_lake_a
Orc:1:    dreamdust_dug_too_deep, layout_caves, basic_altar
Orc:2:    st_orc_pillars, layout_caves, uniq_azrael
Elf:1:    nicolae_elf_arrival_no_cutting_in_line, layout_onion_city,
          nicolae_elf_crossing_hall, uniq_donald
Elf:2:    nicolae_elf_blades_crystal_corner, layout_rooms, minmay_shoptagon,
          uniq_aizul
Elf:3:    minmay_elf_hall_statues, layout_loops_corners, guppyfry_elf_altar
Vaults:1: vaults_standard_mumra_x, ontoclasm_vaults_claustrophobia,
          nicolae_vaults_more_shelving_1, v_rooms_4,
          hangedman_vaults_corner_blocks, vaults_mumra_hexcomb,
          dpeg_vaults_monster_row, nicolae_vaults_closet_pinwheel_4,
          st_more_cells, vaults_dpeg_emergency_exit,
          nicolae_vaults_double_plus_1, layout_vaults_big_room
Vaults:2: nicolae_vaults_c_with_doors, vaults_room_door_ring,
          nicolae_vaults_ninety_degrees, v_misc_12, v_rooms_5,
          nicolae_vaults_network_square, v_pattern_2, nicolae_vaults_diamond_2,
          v_misc_18, nicolae_vaults_house_1, nicolae_vaults_rhombus_7,
          vaults_room_fancy_cross, nicolae_vaults_variable_pillar_hall,
          layout_vaults_omnibox
Vaults:3: advil_vaults_ghost_guards, minmay_crypt_entry_simple_box,
          hangedman_vaults_impose, nicolae_vaults_tetromino_T_1, v_misc_15,
          ontoclasm_vaults_bender, nicolae_vaults_yaktaur_gun_rack,
          nicolae_vaults_asterisk, grunt_vaults_twisty, layout_vaults_omnigrid
Vaults:4: v_rooms_4, nicolae_vaults_double_plus_2,
          nicolae_vaults_cornered_office, nicolae_vaults_little_squares_2,
          nicolae_vaults_crenellated_ambush, nicolae_vaults_closet_pinwheel_1,
          ontoclasm_vaults_ring_square, nicolae_vaults_wine_cellar,
          hangedman_vaults_impose, nicolae_vaults_asterisk,
          nicolae_vaults_puzzle_piece, v_misc_26,
          nicolae_vaults_offset_grid_hallway_2, v_misc_24,
          nicolae_vaults_trapezoid_3, layout_vaults_maze_bifur
Vaults:5
Depths:1: minmay_the_grid_octo_2x2 [minmay_the_grid_octo_shrine,
          minmay_the_grid_octo_77, minmay_the_grid_octo_fan_narrow,
          minmay_the_grid_octo_prize_big_c], layout_gridlike, lightli_too_deep,
          abyss_entry, serial_shops, shop, nicolae_trove_entry_crystal,
          patterned_corridor
Depths:2: minmay_guarded_unrand_sceptre_of_torment, layout_basic,
          pf_hell_entry_great_geh, grunt_pan_entry_sceptre
Depths:3: dreamdust_merry_men, layout_cave_pools, hell_entry, pan_entry,
          minmay_misc_feat_alley, abyss_entry_crystal, nicolae_elemental_shop,
          nzn_life_drinkers, minmay_shop_grove, infiniplex_staircase_zigzag_5
Depths:4: evilmike_zot_entry_argh, layout_cave_pools, enter_ziggurat_a,
          nicolae_abyss_entry_one_way_or_another, grunt_hell_entry_dis_grunt,
          nicolae_uskayaw_en_pointe
Zot:1:    layout_misc_corridors, uniq_vv, uniq_parghit
Zot:2:    kennysheep_ambush_hall, layout_onion, hangedman_zot_diagonal_lockstep,
          hangedman_hellfire_club, lemuel_elevator
Zot:3:    layout_misc_corridors, regret_index_zotdec_gossamer_parallel

Skill      XL: |  1  2  3  4  5  6  7  8  9 10 11 12 13 14 15 16 17 18 19 20 21 22 23 |
---------------+----------------------------------------------------------------------+-----
Axes           | 4 5 6 8 9 11 12 14 15 16 19 20 22 23 24 25 26 | 26.5
Armour         | 3 5 7 8 9 10 11 12 13 14 15 17 18 19 20 21 | 21.3
Shields        | 2 6 8 12 13 14 19 20 22 23 25 26 | 26.1
Fighting       | 4 6 8 12 15 16 18 20 23 25 27 | 27.0
Dodging        | 5 9 11 12 13 14 15 16 17 | 17.0
Evocations     | 4 |  4.3

Action                     |  1- 3 |  4- 6 |  7- 9 | 10-12 | 13-15 | 16-18 | 19-21 | 22-24 || total
---------------------------+-------+-------+-------+-------+-------+-------+-------+-------++-------
  Melee: Hand axe          |    81 |   133 |   155 |       |       |       |       |       ||   369
         Headbutt          |     9 |    25 |    48 |   170 |   247 |   205 |   444 |   398 ||  1546
         Punch             |     4 |     2 |     1 |       |       |       |       |       ||     7
         Whip              |       |    16 |       |       |       |       |       |       ||    16
         War axe           |       |       |    58 |   702 |   291 |       |  1024 |  1155 ||  3230
         Spear             |       |       |       |     6 |    43 |       |       |       ||    49
         Broad axe         |       |       |       |       |   507 |   849 |   332 |       ||  1688
         Scimitar          |       |       |       |       |    32 |       |       |       ||    32
 Invoke: Berserk           |     1 |     3 |     4 |     8 |     5 |     8 |     6 |     6 ||    41
         Brothers in Arms  |       |       |     1 |     1 |       |     1 |     3 |     1 ||     7
         Trog's Hand       |       |       |       |       |     1 |     4 |     8 |     3 ||    16
  Evoke: Wand              |       |       |       |     1 |       |       |       |     1 ||     2
    Use: Potion            |       |     4 |       |       |       |     2 |     4 |     3 ||    13
         Scroll            |       |       |     3 |    15 |    13 |    11 |    14 |     8 ||    64
   Stab: Distracted        |       |       |     1 |       |       |       |     2 |       ||     3
         Held in net/web   |       |       |       |       |       |     2 |       |       ||     2
 Armour: Leather armour    |    52 |    67 |       |       |       |       |       |       ||   119
         Animal skin       |     1 |       |       |       |       |       |       |       ||     1
         Skin              |     1 |       |     6 |       |       |       |       |       ||     7
         Chain mail        |       |    31 |   134 |   376 |   535 |   566 |   405 |       ||  2047
         Plate armour      |       |       |     1 |       |       |       |       |       ||     1
         Crystal plate arm |       |       |       |       |       |       |   613 |  1004 ||  1617
  Dodge: Dodged            |    61 |   104 |    61 |   176 |   319 |   304 |   488 |   390 ||  1903
  Block: Kite shield       |       |       |    64 |   577 |   945 |   968 |  1239 |  1105 ||  4898
         Reflection        |       |       |       |     7 |    46 |   134 |   108 |    54 ||   349

Table legend: (Time is in decaauts)
 A = Elapsed time spent in this place.
 B = Non-inter-level travel time spent in this place.
 C = Inter-level travel time spent in this place.
 D = Time resting spent in this place.
 E = Time spent auto-exploring this place.
 F = Levels seen in this place.
 G = Mean time per level.
                   A        B        C        D        E       F      G
               +--------+--------+--------+--------+--------+-----+--------+
         Total |  45556 |  42518 |   3038 |   1713 |  30382 |  45 | 1012.4 |
       Dungeon |  13835 |  12833 |   1002 |     96 |  10272 |  15 |  922.3 |
          Lair |   6272 |   5707 |    565 |    165 |   4349 |   5 | 1254.4 |
        Shoals |   4289 |   4111 |    178 |     88 |   3037 |   4 | 1072.2 |
     Snake Pit |   5691 |   5484 |    207 |    343 |   4138 |   4 | 1422.8 |
  Orcish Mines |   1580 |   1433 |    147 |    202 |    967 |   2 |  790.0 |
   Elven Halls |   3655 |   3545 |    110 |    283 |   1946 |   3 | 1218.3 |
        Vaults |   6735 |   6001 |    734 |    290 |   3900 |   5 | 1347.0 |
        Depths |   3239 |   3166 |     73 |    213 |   1771 |   4 |  809.8 |
           Zot |    257 |    239 |     18 |     31 |      0 |   3 |   85.7 |
               +--------+--------+--------+--------+--------+-----+--------+

Top non-repeatable levels by time:
 Snake:4: 2329 daAuts
Shoals:4: 1719 daAuts
  Lair:3: 1637 daAuts
Vaults:4: 1585 daAuts
   Elf:3: 1582 daAuts
    D:11: 1475 daAuts
Vaults:1: 1471 daAuts
 Snake:3: 1465 daAuts
    D:10: 1464 daAuts
  Lair:5: 1455 daAuts
     D:9: 1321 daAuts
Vaults:2: 1313 daAuts
  Lair:1: 1306 daAuts
Vaults:5: 1301 daAuts
 Snake:2: 1279 daAuts
